Map: Solaris LE

Players

Neco

  • Race: Zerg Zerg
  • League: Platinum
  • Spawn Location: 7:00

Subwayeatn - Winner!

  • Race: Zerg Zerg
  • League: Platinum
  • Spawn Location: 1:00

VOD

Have the link to the VOD?

Description

Time

  • Played on: Nov. 10, 2023, 11:07 p.m.
  • Length: 4:13
Show
View Real Time Build Order
Export as new Build Order

Neco Zerg 

Build Orders: Hatch First 

Get SALT Encoding   

  12  0:01  Drone  
  13  0:09  Drone  
  14  0:19  Extractor  
  14  0:20  Drone  
  14  0:21  Drone, Extractor  
  16  0:47  Hatchery  
  15  0:59  Spawning Pool  
  14  1:07  Overlord  
  14  1:14  Extractor  
  14  1:15  Drone  
  14  1:27  Drone x2  
  16  1:35  Drone  
  17  1:45  Queen  
  19  1:54  Zergling x4  
  19  2:00  Queen  
  23  2:06  Drone  
  24  2:11  Overlord  
  24  2:21  Metabolic Boost  
  24  2:31  Drone  
  24  2:33  Zergling x2  
  24  2:34  Zergling x4  
  24  2:36  Zergling x2  
  28  2:46  Zergling x4  
  30  2:54  Zergling x6  
  32  2:59  Zergling x2  
  32  3:00  Zergling x2  
  29  3:16  Zergling x2  
  29  3:17  Zergling x6  
  24  3:27  Zergling x2  
  24  3:30  Zergling x4  
  9  4:01  Drone  
Show
View Real Time Build Order
Export as new Build Order

Subwayeatn Zerg - Winner!

Build Orders: Pool First 

Get SALT Encoding   

  12  0:00  Drone  
  13  0:12  Drone  
  14  0:15  Extractor  
  13  0:29  Spawning Pool  
  12  0:58  Hatchery  
  11  1:17  Queen  
  13  1:32  Overlord  
  13  1:35  Metabolic Boost  
  13  1:40  Zergling x2  
  14  1:51  Zergling x4  
  16  1:56  Zergling x2  
  17  2:09  Zergling x2  
  17  2:15  Zergling x2  
  19  2:20  Queen  
  21  2:23  Zergling x2  
  21  2:26  Zergling x2  
  23  2:37  Zergling x4  
  25  2:48  Zergling x4  
  25  2:49  Zergling x2  
  26  3:15  Zergling x6  
  26  3:33  Zergling x8  
  28  3:34  Zergling x2  
  25  3:47  Zergling x6  
Tags
 
Add a new tag
Caveats
  • Supply blocks, unpowered buildings, or Contaminate may cause inaccurate times.
  • Supply counts are checked every 10 seconds.